Map: 乌雷纳

Players

耀白

  • Race: Terran Terran
  • League: Diamond

Quail - Winner!

  • Race: Protoss Protoss
  • League: Diamond

VOD

Have the link to the VOD?

Description

Time

  • Played on: Dec. 5, 2015, 4:15 a.m.
  • Length: 8:27
Show
View Real Time Build Order
Export as new Build Order

耀白 Terran 

Build Orders: Command Center First (CC) 

Get SALT Encoding   

  12  0:00  SCV  
  13  0:13  SCV  
  14  0:17  Supply Depot  
  14  0:25  SCV  
  15  0:39  SCV  
  16  0:51  SCV  
  17  1:03  SCV  
  18  1:05  Command Center  
  18  1:15  SCV  
  19  1:19  Barracks  
  19  1:27  SCV  
  19  1:32  Barracks  
  20  1:44  SCV  
  20  1:46  Refinery  
  21  1:47  Refinery  
  21  2:06  Marine  
  21  2:07  Orbital Command  
  22  2:15  Barracks  
  22  2:19  Marine  
  23  2:24  Marine  
  23  2:29  Orbital Command  
  24  2:34  SCV  
  25  2:39  Marine  
  25  2:43  Marine  
  27  2:48  SCV  
  28  2:55  Factory  
  28  2:58  Marine  
  29  3:09  Marine x2  
  29  3:20  Marine  
  30  3:27  Marine  
  30  3:30  SCV x2  
  32  3:35  Barracks Tech Lab  
  32  3:42  SCV x2  
  32  3:47  Supply Depot  
  31  3:58  SCV  
  31  3:59  SCV  
  32  4:08  Factory Tech Lab  
  32  4:11  SCV x2  
  32  4:14  Marine x2  
  36  4:21  Starport  
  38  4:24  Marauder  
  38  4:33  Stimpack  
  38  4:34  Siege Tank  
  38  4:37  SCV  
  42  4:38  SCV  
  42  4:39  Marine  
  42  4:40  Marine  
  45  4:46  Supply Depot  
  45  4:54  SCV  
  46  5:03  Bunker  
  46  5:07  Supply Depot  
  46  5:08  SCV, Marauder, Marine x2  
  46  5:12  Siege Tank  
  54  5:25  Supply Depot  
  54  5:26  Barracks Tech Lab  
  54  5:29  Medivac, Marine  
  54  5:30  SCV x2  
  52  5:58  Engineering Bay  
  52  5:59  Marine  
  53  6:06  SCV x2  
  55  6:12  Marauder x2  
  59  6:24  SCV x2  
  59  6:25  Terran Infantry Weapons Level 1  
  61  6:36  SCV x2  
  61  6:37  Starport Reactor  
  61  6:38  Marauder x2  
  61  6:39  Marine  
  68  6:46  Supply Depot  
  62  6:59  Marauder  
  54  7:08  SCV x2  
  54  7:13  Missile Turret  
  54  7:14  Medivac x2  
  60  7:20  SCV x2  
  62  7:32  SCV  
  62  7:33  SCV  
  64  7:39  Marauder, Marine x2  
  66  7:45  SCV  
  66  7:51  Medivac  
  66  7:57  Marine  
  66  7:58  Marauder  
  69  8:00  Marine  
Show
View Real Time Build Order
Export as new Build Order

Quail Protoss - Winner!

Build Orders: 1 Gate Expand 

Get SALT Encoding   

  12  0:01  Probe (Chrono Boost)  
  13  0:11  Probe (Chrono Boost)  
  14  0:17  Pylon  
  14  0:23  Probe (Chrono Boost)  
  15  0:35  Probe (Chrono Boost)  
  16  0:37  Gateway  
  16  0:46  Probe (Chrono Boost)  
  16  0:48  Assimilator  
  17  0:56  Probe (Chrono Boost)  
  18  1:17  Nexus  
  19  1:29  Cybernetics Core  
  19  1:32  Probe (Chrono Boost)  
  19  1:43  Probe (Chrono Boost)  
  20  1:49  Assimilator  
  20  1:52  Pylon  
  21  1:54  Probe (Chrono Boost)  
  21  2:05  Probe (Chrono Boost)  
  22  2:10  Adept (Chrono Boost)  
  26  2:15  Mothership Core (Chrono Boost)  
  26  2:19  Warp Gate  
  26  2:28  Probe  
  27  2:35  Probe  
  27  2:36  Adept (Chrono Boost)  
  30  2:38  Probe  
  31  2:48  Probe  
  31  2:49  Probe  
  33  2:51  Gateway  
  33  3:00  Probe x2  
  35  3:10  Probe  
  35  3:12  Probe  
  37  3:24  Adept (Chrono Boost)  
  37  3:26  Pylon  
  39  3:46  Probe  
  39  3:47  Adept (Chrono Boost)  
  39  3:48  Probe  
  43  3:52  Gateway  
  43  3:54  Stargate  
  41  3:57  Probe  
  41  4:00  Probe  
  39  4:07  Probe  
  42  4:12  Mothership Core, Twilight Council  
  42  4:18  Probe  
  42  4:21  Gateway  
  42  4:23  Gateway, Adept  
  45  4:26  Adept  
  45  4:28  Probe  
  45  4:30  Assimilator  
  48  4:32  Assimilator  
  48  4:41  Oracle (Chrono Boost)  
  48  4:43  Pylon  
  51  4:47  Probe, Pylon  
  51  4:49  Probe  
  53  4:59  Probe  
  54  5:01  Probe  
  55  5:08  Gateway  
  55  5:09  Resonating Glaives (Chrono Boost)  
  55  5:10  Gateway  
  55  5:11  Probe  
  56  5:15  Gateway  
  56  5:22  Probe  
  56  5:23  Probe  
  58  5:34  Probe  
  59  5:35  Probe  
  59  5:38  Robotics Facility  
  60  5:45  Oracle  
  60  5:46  Probe  
  61  5:52  Adept x3  
  70  5:59  Pylon  
  70  6:01  Pylon  
  70  6:14  Pylon  
  70  6:17  Pylon  
  70  6:20  Adept x3, Void Ray  
  80  6:31  Warp Prism (Chrono Boost)  
  82  6:35  Sentry x2  
  86  7:07  Adept x5  
  86  7:08  Adept x3  
  94  7:22  Immortal (Chrono Boost)  
  98  7:29  Adept x2  
  102  7:32  Pylon  
  102  7:34  Pylon  
  102  7:40  Pylon  
  102  7:50  Adept x6  
  102  7:51  Adept x2  
  110  8:11  Adept x4  
  110  8:12  Adept x4  
Tags
 
Add a new tag
Caveats
  • Supply blocks, unpowered buildings, or Contaminate may cause inaccurate times.
  • Supply counts are checked every 10 seconds.